 Dungeon Crawl Stone Soup version 0.20.0-7-g3b7b877 (webtiles) character file.

1969 Hasart the Poker (level 9, -2/62 HPs)
             Began as an Octopode Fighter on May 29, 2017.
             Slain by an ogre
             ... wielding a +0 giant club
              (16 damage)
             ... on level 7 of the Dungeon.
             The game lasted 00:10:30 (5206 turns).

Hasart the Poker (Octopode Fighter)                 Turns: 5206, Time: 00:10:31

Health: -2/62      AC:  1    Str: 17      XL:     9   Next: 20%
Magic:  3/3        EV: 14    Int: 10      God:
Gold:   319        SH: 10    Dex: 12 (13) Spells: 8/8 levels left

rFire    . . .     SeeInvis .   c - +0 trident (antimagic)
rCold    . . .     Gourm    .   b - +0 shield
rNeg     . . .     Faith    .   (helmet restricted)
rPois    .         Spirit   .   (no amulet)
rElec    .         Reflect  .   e - ring of protection from magic
rCorr    .         Harm     .   (no ring)
MR       +....                  (no ring)
Stlth    ++........             (no ring)
Regen    0.2/turn               (no ring)
MPRegen  0.1/turn               (no ring)
                                (no ring)
                                (no ring)

@: no status effects
A: almost no armour, stealthy swim, amphibious, 8 rings, constrict 8, camouflage
1, gelatinous body 1
a: no special abilities


You were on level 7 of the Dungeon.
You were not hungry.

You visited 1 branch of the dungeon, and saw 5 of its levels.
You also visited: Sewer.

You collected 319 gold pieces.

Inventory:

Hand Weapons
 c - a +0 antimagic trident (weapon)
Armour
 b - a +0 shield (worn)
Jewellery
 e - a ring of protection from magic (left tentacle)
 y - a cursed ring of teleportation {unknown}
Wands
 m - a wand of random effects (14/48)
 x - a wand of polymorph (16/24)
Scrolls
 h - a scroll of immolation {unknown}
 j - 3 scrolls of remove curse {unknown}
 k - 2 scrolls of magic mapping {unknown}
 l - a scroll of recharging {unknown}
 n - 2 scrolls of teleportation {unknown}
 o - 5 scrolls of identify {unknown}
 p - 2 scrolls of enchant weapon {unknown}
 q - a scroll of enchant armour {unknown}
 u - a scroll of fear {unknown}
Potions
 a - a potion of mutation {unknown}
 g - 2 potions of flight {unknown}
 i - 3 potions of brilliance {unknown}
 r - 3 potions of heal wounds {unknown}
 s - a potion of magic {unknown}
 t - a potion of lignification {unknown}
 v - 2 potions of curing {unknown}
 z - a potion of might
Books
 B - a book of Enchantments

   Spells                             Type                      Level
   a - Cause Fear                     Hexes                        4
   b - Yara's Violent Unravelling     Hexes/Transmutation          5
   c - Silence                        Hexes/Air                    5
   d - Deflect Missiles               Charms/Air                   6
   e - Discord                        Hexes                        8
Comestibles
 d - 3 bread rations
 f - 2 royal jellies
 w - a meat ration


   Skills:
 + Level 6.0 Fighting
 * Level 7.6 Polearms
 + Level 5.9 Dodging
 + Level 6.1 Shields


You had 8 spell levels left.
You didn't know any spells.

Dungeon Overview and Level Annotations

Branches:
Dungeon (7/15)
 Temple: D:4-7

Altars:
Fedhas
Kikubaaqudgha
Vehumet
The Shining One


Innate Abilities, Weirdness & Mutations

You cannot wear most types of armour.
You are very stealthy in the water. (Stealth+)
You are amphibious.
You can wear up to eight rings at the same time.
You can use your tentacles to constrict eight enemies at once.
Your skin changes colour to match your surroundings (Stealth+).
Your rubbery body absorbs attacks. (AC +1, EV +1)


Message History

Press: ? - help, Dir - move target cursor, f - mummy
Aim: a mummy You reach to attack!
You hit the mummy but do no damage. You hit the mummy. You grab the mummy.
The mummy is moderately damaged.
You constrict the mummy. You hit the mummy.
The mummy is heavily damaged.
You constrict the mummy. You block the mummy's attack.
You puncture the mummy!
You destroy the mummy!
You barely miss the troll zombie. The troll zombie bites you!
The troll zombie claws you!
* * * LOW HITPOINT WARNING * * *
The troll zombie misses you.
Found a stone staircase leading down.
You see here 3 fruits.
The ogre shouts!
The ogre hits you with a giant club!
You die...

#.##############.....###'#'#†#
#.####.# #.......###.M'Z......
#.#....# #.#####.# #####'#'#'#
####.#.##.###
####.####8##)#.#_#
........#...#.##........#
#######
#############...%##.#####
####...#...#####Z##.#
..##..#..#..####.##.#
#...#..#..#._#.O@##.#
###..#..#..###..>.......
##...#...##........###
#########.........#
............. ............##.
#######.....# #.....#


You could see an ogre and a troll zombie.

Vanquished Creatures
  Pikel (D:6)
  Grinder (D:3)
  Sigmund (D:2)
  A wraith (D:7)
  A necrophage (D:7)
  A centaur (D:6)
  An elf zombie (D:7)
  A gnoll sergeant (D:6)
  A bullfrog (D:6)
  A wight (D:7)
  A quasit (D:7)
  A centaur skeleton (D:6)
  A gnoll shaman (D:6)
  2 hounds (D:7)
  3 human zombies (D:7)
  An orc wizard (D:6)
  A worker ant (D:6)
  A mummy (D:7)
  Robin (D:2)
  6 gnolls (D:6)
  9 adders
  2 river rats (D:6)
  2 oozes
  3 worms (D:6)
  A dart slug (D:2)
  3 leopard geckos
  6 orcs
  6 giant cockroaches
  12 goblins
  10 hobgoblins
  13 jackals
  3 quokkas
  8 ball pythons
  10 bats
  4 frilled lizards
  3 kobolds
  A leopard gecko zombie (D:6)
  13 rats
  A plant (D:2)
138 creatures vanquished.

Vanquished Creatures (others)
  A bullfrog (D:6)
  A hound skeleton (D:6)
  2 gnolls (D:6)
  An adder skeleton (D:6)
5 creatures vanquished.

Grand Total: 143 creatures vanquished

Notes
Turn   | Place    | Note
-------+----------+-------------------------------------------
     0 | D:1      | Hasart the Octopode Fighter began the quest for the Orb.
     0 | D:1      | Reached XP level 1. HP: 16/16 MP: 1/1
    59 | D:1      | Reached XP level 2. HP: 13/21 MP: 2/2
   434 | D:1      | Reached XP level 3. HP: 22/26 MP: 3/3
  1129 | D:2      | Found a glowing golden altar of the Shining One.
  1213 | D:2      | Reached XP level 4. HP: 31/31 MP: 4/4
  1300 | D:2      | Noticed Sigmund
  1307 | D:2      | Killed Sigmund
  1307 | D:2      | Reached skill level 3 in Polearms
  1307 | D:2      | Reached XP level 5. HP: 20/37 MP: 5/5
  1480 | D:2      | Noticed Robin
  1707 | D:2      | Reached XP level 6. HP: 43/43 MP: 6/6
  1710 | D:2      | Killed Robin
  2021 | D:3      | Noticed Grinder
  2032 | D:3      | Killed Grinder
  2032 | D:3      | Reached skill level 4 in Polearms
  2032 | D:3      | Reached XP level 7. HP: 20/49 MP: 7/7
  2483 | D:3      | Found a radiant altar of Vehumet.
  2525 | D:3      | You fall through a shaft for 3 floors!
  2561 | D:6      | Reached skill level 5 in Polearms
  2932 | D:6      | Found a glowing drain.
  2937 | Sewer    | Entered a sewer
  3203 | Sewer    | Noticed Purgy
  3725 | D:6      | Reached skill level 5 in Fighting
  3883 | D:6      | Reached skill level 5 in Shields
  3883 | D:6      | Reached XP level 8. HP: 53/55 MP: 2/8
  3897 | D:6      | Noticed Pikel
  3914 | D:6      | Killed Pikel
  3914 | D:6      | Reached skill level 6 in Polearms
  3914 | D:6      | Reached skill level 5 in Dodging
  4451 | D:6      | Found a glowing golden altar of the Shining One.
  4633 | D:7      | Noticed a wraith
  4647 | D:7      | Killed a wraith
  4647 | D:7      | Reached skill level 7 in Polearms
  4649 | D:7      | Found a blossoming altar of Fedhas.
  4964 | D:7      | Reached XP level 9. HP: 56/62 MP: 3/9
  5152 | D:7      | Found an ancient bone altar of Kikubaaqudgha.
  5206 | D:7      | Slain by an ogre

Skill      XL: |  1  2  3  4  5  6  7  8  9 |
---------------+----------------------------+-----
Fighting       | 4 5 6 |  6.0
Polearms       | 3 4 5 7 |  7.6
Shields        | 4 5 6 |  6.1
Dodging        | 4 5 |  5.9

Action                   |  1- 3 |  4- 6 |  7- 9 || total
-------------------------+-------+-------+-------++-------
Melee: Trident           |   104 |    45 |   245 ||   394
       Constrict         |    20 |    11 |    42 ||    73
       Tentacles         |    12 |    11 |    49 ||    72
  Use: Potion            |       |     1 |     1 ||     2
 Stab: Sleeping          |     9 |     3 |    16 ||    28
       Distracted        |       |     1 |     1 ||     2
  Eat: Chunk             |     1 |     3 |    10 ||    14
Armor: Skin              |     4 |     2 |     9 ||    15
Dodge: Dodged            |    32 |    14 |   100 ||   146
Block: Shield            |    32 |     8 |   109 ||   149
